 Dungeon Crawl Stone Soup version 0.31-a0-881-ge136f0c47a (webtiles) character file.

Game seed: 1078942305481810206

130 greenreed the Magician (level 5, -1/35 HPs)
             Began as a Djinni Fire Elementalist on Oct 15, 2023.
             Slain by an orc
             ... wielding a +0 trident
              (5 damage)
             ... on level 4 of the Dungeon.
             The game lasted 00:05:14 (1557 turns).

greenreed the Magician (Djinni Fire Elementalist)   Turns: 1557, Time: 00:05:14

Health: -1/35      AC:  3    Str:  7    XL:     5   Next: 36%
Gold:   146        EV: 13    Int: 18    God:
                   SH:  0    Dex: 14

rFire   + + .        (no weapon)
rCold   x . .        (no shield)
rNeg    . . .        a - +0 robe
rPois   ∞            (no helmet)
rElec   .            g - +0 cloak
rCorr   .            (no gloves)
SInv    +            (boots unavailable)
Will    .....        (no amulet)
Stlth   ++           i - ring of see invisible
HPRegen 0.25/turn    (no ring)
MPRegen 0.00/turn

%: infuse magic (-2 HP)
@: flying
A: sickness immunity, fire resistance 2, cold vulnerability 1, float, innate
caster, HP casting, extra vitality 1
a: no special abilities


You were on level 4 of the Dungeon.
You visited 1 branch of the dungeon, and saw 3 of its levels.

You collected 146 gold pieces.

Inventory:

Armour
 a - a +0 robe (worn)
 g - a +0 cloak (worn)
Jewellery
 e - an amulet of faith
 i - a ring of see invisible (left hand)
Talismans
 k - a blade talisman
Scrolls
 d - a scroll of poison {unknown}
 h - 2 scrolls of fear {unknown}
 j - a scroll of amnesia {unknown}
 l - a scroll of identify {unknown}
 o - a scroll of torment {unknown}
Potions
 b - a potion of cancellation {unknown}
 c - 2 potions of magic {unknown}
 f - a potion of curing {unknown}
 m - a potion of lignification {unknown}
 n - a potion of brilliance {unknown}


   Skills:
 + Level 3.6 Dodging
 - Level 1.5 Stealth
 * Level 4.1 Spellcasting
 * Level 4.1 Conjurations
 * Level 4.1 Hexes
   Level 0.0 Charms
 * Level 4.1 Summonings
 * Level 4.1 Necromancy
 * Level 4.1 Translocations
 * Level 4.1 Transmutations
 * Level 4.1 Fire Magic
 * Level 4.1 Ice Magic
 * Level 4.1 Air Magic
 * Level 4.1 Earth Magic
 * Level 4.1 Poison Magic


You knew the following spells:

 Your Spells              Type           Power      Damage    Failure   Level
a - Foxfire               Conj/Fire      72%        2x1d7     2%          1
b - Scorch                Fire           36%        2d6       4%          2
c - Volatile Blastmotes   Fire/Tloc      36%        2d13      8%          3
d - Inner Flame           Hex/Fire       18%        N/A       8%          3
e - Flame Wave            Conj/Fire      18%        2d7       26%         4
f - Freeze                Ice            72%        1d8       2%          1
g - Momentum Strike       Conj/Tloc      36%        3d9       4%          2
Your spell library was empty.

Dungeon Overview and Level Annotations

Branches:
Dungeon (4/15)
 Temple: D:4-7

Altars:
Makhleb

Annotations:
D:2 1 runed translucent door, Crazy Yiuf


Innate Abilities, Weirdness & Mutations

You are immune to sickness and miasma.
You are immune to poison.
Your flesh is very heat resistant. (rF++)
You are vulnerable to cold. (rC-)
You float through the air rather than walking.
You learn spells naturally, not from books.
Your magical power is your life essence.
You have superior vitality. (+4 MHP)


Message History

The orc attacks as it pursues you! The orc closely misses you.
The crimson imp hits you.
You conjure some foxfire!
The crimson imp hits you.
The foxfire hits the crimson imp but does no damage.
The foxfire hits the crimson imp.
The crimson imp completely resists.
The orc attacks as it pursues you! The orc barely misses you.
You are too injured to fight recklessly!
Casting: Foxfire (safe; 2% risk of failure)
Confirm with . or Enter, or press ? or * to list all spells.
Okay, then.
Unknown command.
Casting: Foxfire (safe; 2% risk of failure)
Confirm with . or Enter, or press ? or * to list all spells.
Aiming: Momentum Strike (safe; 4% risk of failure)
Press: ? - help, Dir - move target, f - orc
Aim: an orc, wielding a +0 club (71% to hit)
Okay, then.
Unknown command.
Casting: Momentum Strike (safe; 4% risk of failure)
Confirm with . or Enter, or press ? or * to list all spells.
A cloud of volatile blastmotes flares up around you!
The orc barely misses you. x2
The orc attacks as it pursues you! The orc hits you with a +0 club.
* * * LOW HITPOINT WARNING * * *
The cloud of blastmotes explodes!
The concussive blast engulfs the orc!
You kill the orc!
The concussive blast engulfs you. You resist.
* * * LOW HITPOINT WARNING * * *
The concussive blast engulfs the crimson imp.
The crimson imp completely resists.
You are knocked back by the blast.
Casting: Volatile Blastmotes (dangerous; 8% risk of failure)
Confirm with . or Enter, or press ? or * to list all spells.
Aiming: Momentum Strike (safe; 4% risk of failure)
Press: ? - help, Dir - move target, f - crimson imp
Aim: a crimson imp, carrying a wand of flame (57% to hit)
Okay, then.
Unknown command.
The orc attacks as it pursues you!
The orc hits you from afar with a +0 trident.
You die...

.. #..........#.#
#
#..##...)...####.#
# #.....#...##
#.## #
.###.#...#†.#
#...# #
.........##.#
#...# #
...####.###.#
#...#
#.###.###...#
#..##.#.....#
##..#..@#..<#
...####.#..##...#
..........o.#...#
#
.:.#####.##..####
.##
#...#)#####.._#
###...o..)..$.#
###....##.._#
####..## # #...###


You could see an orc.

Vanquished Creatures
  3 gnolls (D:2)
  6 adders
  A dart slug (D:2)
  6 orcs
  8 ball pythons
  A bat (D:2)
  2 endoplasms (D:1)
  2 giant cockroaches
  3 goblins (D:1)
  2 hobgoblins (D:1)
  2 jackals (D:2)
  A quokka (D:2)
  4 frilled lizards
  2 kobolds
  2 rats (D:1)
45 creatures vanquished.

Vanquished Creatures (others)
  146 foxfires
146 creatures vanquished.

Grand Total: 191 creatures vanquished

Notes
Turn   | Place    | Note
-------+----------+-------------------------------------------
     0 | D:1      | greenreed the Djinni Fire Elementalist began the quest for
                  | the Orb.
     0 | D:1      | greenreed set off with the following spells memorised:
                  | Foxfire, Scorch, Volatile Blastmotes, Inner Flame, Flame
                  | Wave.
     0 | D:1      | Reached XP level 1. HP: 15/15 MP: 0/0
    64 | D:1      | Reached XP level 2. HP: 18/21 MP: 0/0
   562 | D:2      | Reached XP level 3. HP: 23/25 MP: 0/0
   562 | D:2      | Learned a level 1 spell: Freeze
   919 | D:2      | Reached XP level 4. HP: 31/31 MP: 0/0
  1002 | D:2      | Found a runed translucent door.
  1003 | D:2      | Noticed Crazy Yiuf
  1269 | D:2      | Reached XP level 5. HP: 11/35 MP: 0/0
  1269 | D:2      | Learned a level 2 spell: Momentum Strike
  1442 | D:2      | You are sucked into a shaft and drop 2 floors!
  1544 | D:4      | Found a burning altar of Makhleb.
  1557 | D:4      | Slain by an orc

Illustrated notes

Levels and vault maps discovered:
D:1:      dpeg_arrival_arbitrary_a, layout_rooms
D:2:      layout_loops_corners, minivault_4, minmay_misc_feat_plants,
          chequers_jeans, minmay_tetromino_s2, uniq_crazy_yiuf_cottage
D:4:      layout_rooms, grunt_temple_overflow_lords_of_destruction,
          kennysheep_orc_sif_temple, uniq_grinder

Skill      XL: |  1  2  3  4 |
---------------+-------------+-----
Spellcasting   | 4 |  4.1
Conjurations   | 4 |  4.1
Hexes          | 4 |  4.1
Summonings     | 4 |  4.1
Necromancy     | 4 |  4.1
Translocations | 4 |  4.1
Transmutations | 4 |  4.1
Fire Magic     | 4 |  4.1
Ice Magic      | 4 |  4.1
Air Magic      | 4 |  4.1
Earth Magic    | 4 |  4.1
Poison Magic   | 4 |  4.1
Dodging        | 3 |  3.6
Stealth        | |  1.5

Action                     |  1- 3 |  4- 6 || total
---------------------------+-------+-------++-------
  Melee: Unarmed           |     1 |       ||     1
   Cast: Foxfire           |    38 |    49 ||    87
         Freeze            |       |     1 ||     1
         Volatile Blastmot |       |     1 ||     1
 Armour: Robe              |     2 |    13 ||    15
  Dodge: Dodged            |       |    13 ||    13

Table legend: (Time is in decaauts)
 A = Elapsed time spent in this place.
 B = Non-inter-level travel time spent in this place.
 C = Inter-level travel time spent in this place.
 D = Time resting spent in this place.
 E = Time spent auto-exploring this place.
 F = Levels seen in this place.
 G = Mean time per level.
                   A        B        C        D        E       F      G
               +--------+--------+--------+--------+--------+-----+--------+
         Total |   1556 |   1515 |     41 |      0 |   1226 |   3 |  518.7 |
       Dungeon |   1556 |   1515 |     41 |      0 |   1226 |   3 |  518.7 |
               +--------+--------+--------+--------+--------+-----+--------+

Top non-repeatable levels by time:
     D:2: 884 daAuts
     D:1: 556 daAuts
     D:4: 114 daAuts
